 Dungeon Crawl Stone Soup version 0.19.1 (webtiles) character file.

2168 Gargo the Digger (level 9, -3/49 HPs)
             Began as a Gargoyle Earth Elementalist on Dec 6, 2016.
             Was an Initiate of Vehumet.
             Slain by an orc warrior
             ... wielding a +0 dire flail
              (16 damage)
             ... on level 7 of the Dungeon.
             The game lasted 00:37:57 (7406 turns).

Gargo the Digger (Gargoyle Earth Elementalist)      Turns: 7406, Time: 00:37:58

Health: -3/49      AC:  9    Str:  9    XL:     9   Next: 32%
Magic:  1/19       EV: 13    Int: 19    God:    Vehumet [......]
Gold:   149        SH:  0    Dex: 12    Spells: 2 memorised, 17 levels left

rFire  + . .     SeeInvis .     a - +1 mace
rCold  . . .     Gourm    .     j - +1 robe of Theory {rPois rF+ Str-3 Dex+2}
rNeg   + . .     Faith    .     (no shield)
rPois  ∞         Spirit   .     (no helmet)
rElec  +         Reflect  .     s - +0 cloak
rCorr  .         Harm     .     (no gloves)
MR     .....                    (no boots)
Stlth  ++........               (no amulet)
                                (no ring)
                                (no ring)

@: no status effects
A: negative energy resistance 1, electricity resistance, unbreathing,
petrification resistance, rot immunity, AC +5
a: Renounce Religion


You were on level 7 of the Dungeon.
You worshipped Vehumet.
Vehumet was noncommittal.
You were hungry.

You visited 2 branches of the dungeon, and saw 8 of its levels.
You also visited: Sewer.

You collected 297 gold pieces.
You spent 148 gold pieces at shops.

Inventory:

Hand Weapons
 a - a +1 mace (weapon)
Missiles
 b - 94 stones (quivered)
Armour
 c - a +0 robe
 j - the +1 robe of Theory (worn) {rPois rF+ Str-3 Dex+2}
   (You bought it in a shop on level 6 of the Dungeon)

   It affects your strength (-3).
   It affects your dexterity (+2).
   It protects you from fire.
   It protects you from poison.
 s - a +0 cloak (worn)
 x - a +2 buckler
Magical Staves
 e - an uncursed staff of power
Wands
 d - a wand of iceblast (3/15)
 w - a wand of paralysis (7/24)
Scrolls
 h - a scroll of random uselessness {unknown}
 i - a scroll of amnesia {unknown}
 l - 5 scrolls of identify
 m - a scroll of teleportation {unknown}
 p - 2 scrolls of remove curse
Potions
 f - a potion of agility
 g - a potion of degeneration {unknown}
 k - a potion of invisibility {unknown}
 q - a potion of might {unknown}
 t - a potion of lignification {unknown}
 v - a potion of flight {unknown}
 z - 3 potions of curing
Comestibles
 n - 2 slices of pizza
 o - a meat ration


   Skills:
 + Level 2.9 Fighting
 + Level 2.8 Maces & Flails
 - Level 1.6 Armour
 + Level 2.8 Dodging
 - Level 2.1 Stealth
 + Level 2.2 Shields
 * Level 6.7 Spellcasting
 + Level 5.1 Conjurations
   Level 0.7 Transmutations
 + Level 7.2 Earth Magic
 + Level 2.1 Evocations


You had 17 spell levels left.
You knew the following spells:

 Your Spells              Type           Power        Failure   Level  Hunger
a - Sandblast             Erth           ####..       1%          1    None
A - Stone Arrow           Conj/Erth      ####..       2%          3    ##.....


Dungeon Overview and Level Annotations

Branches:
Dungeon (7/15)             Temple (1/1) D:5

Altars:
Ashenzari
Cheibriados
Dithmenos
Elyvilon
Fedhas
Gozag
Hepliaklqana
Kikubaaqudgha
Makhleb
Nemelex Xobeh
Okawaru
Qazlal
Ru
Sif Muna
Trog
Uskayaw
Vehumet
Yredelemnul
Zin
The Shining One

Shops:
D:6 [

Annotations:
D:3 1 runed door: angel, need LRD


Innate Abilities, Weirdness & Mutations

You are resistant to torment.
Your stone body is resilient. (AC +5)
You are immune to poison.
You resist negative energy. (rN+)
You are resistant to electric shocks. (rElec)
You can survive without breathing.
You are immune to petrification.
You are immune to rotting.


Message History

The stone arrow hits the orc warrior.
The orc warrior is moderately wounded.
The orc warrior closely misses you.
Casting: Stone Arrow
Confirm with . or Enter, or press ? or * to list all spells.
Aiming: Stone Arrow
Press: ? - help, Shift-Dir - straight line, f/p - orc warrior
Aim: an orc warrior, wielding a dire flail and wearing a plate armour (moderately wounded)
The stone arrow hits the orc warrior.
The orc warrior is heavily wounded.
Casting: Stone Arrow
Confirm with . or Enter, or press ? or * to list all spells.
Aiming: Stone Arrow
Press: ? - help, Shift-Dir - straight line, f/p - orc warrior
Aim: an orc warrior, wielding a dire flail and wearing a plate armour (heavily wounded)
The stone arrow hits the orc warrior.
The orc warrior is almost dead.
The orc warrior closely misses you.
The orc warrior hits you with a dire flail!
You die...

........)......##.##.#
#.......#
###.##########.##.##.#
###....#.# # #.##.##.#
#......#.#
#######.##.##.#
#.####.#..
...........##.# #.#
#.### #######)#####.#
#.# #.# #.# #.# #.#
#.# #.#####.# #.# #.#
#..@o...# #.# #.#
######### #.# #.# #.#
#.# #.#


You could see an orc warrior.

Vanquished Creatures
  Menkaure (D:6)
  A water moccasin (D:3)
  2 sky beasts (D:6)
  3 ogres
  A centaur (D:6)
  A big kobold (D:7)
  4 bullfrogs
  4 wights
  A howler monkey (D:6)
  A centaur zombie (D:6)
  3 crimson imps
  A quasit (D:6)
  A centaur skeleton (D:4)
  2 orc priests
  A hound (D:6)
  Crazy Yiuf (D:3)
  3 orc wizards
  2 iguanas
  3 worker ants
  A hound zombie (D:5)
  13 adders
  7 gnolls
  A shadow imp (D:6)
  An ooze (D:3)
  3 worms
  3 dart slugs
  7 leopard geckos
  15 orcs
  2 ball pythons (Sewer)
  15 bats
  21 giant cockroaches
  8 goblins
  8 hobgoblins
  7 jackals
  3 quokkas
  4 frilled lizards (Sewer)
  A jackal skeleton (D:5)
  8 kobolds
  A leopard gecko zombie (D:7)
  9 rats
174 creatures vanquished.

Notes
Turn   | Place    | Note
-------+----------+-------------------------------------------
     0 | D:1      | Gargo the Gargoyle Earth Elementalist began the quest for the Orb.
     0 | D:1      | Reached XP level 1. HP: 10/10 MP: 3/3
   200 | D:2      | Reached XP level 2. HP: 15/15 MP: 0/5
   327 | D:2      | Reached skill level 4 in Earth Magic
   700 | D:1      | Reached XP level 3. HP: 16/19 MP: 1/7
   706 | D:1      | Learned a level 3 spell: Stone Arrow
   939 | D:3      | Found a runed door.
  1531 | D:2      | Reached skill level 1 in Conjurations
  1547 | D:2      | Reached XP level 4. HP: 13/24 MP: 1/8
  1957 | D:4      | Reached XP level 5. HP: 20/28 MP: 2/10
  1995 | D:4      | Reached skill level 5 in Earth Magic
  2051 | D:5      | Entered Level 5 of the Dungeon
  2114 | D:5      | Found a glowing drain.
  2137 | Sewer    | Entered a sewer
  2590 | Sewer    | Reached XP level 6. HP: 20/32 MP: 5/12
  2999 | D:5      | Found a staircase to the Ecumenical Temple.
  3013 | Temple   | Entered the Ecumenical Temple
  3344 | D:3      | Noticed a water moccasin
  3360 | D:3      | Killed a water moccasin
  3360 | D:3      | Reached skill level 6 in Earth Magic
  3360 | D:3      | Reached XP level 7. HP: 13/36 MP: 0/14
  3618 | D:3      | Reached skill level 5 in Spellcasting
  3806 | D:3      | Found a glowing golden altar of the Shining One.
  3806 | D:3      | Found a runed door.
  3806 | D:3      | Noticed an angel
  4238 | D:3      | Noticed Crazy Yiuf
  4240 | D:3      | Killed Crazy Yiuf
  4478 | D:4      | Reached skill level 1 in Maces & Flails
  4499 | D:4      | Found a sparkling altar of Nemelex Xobeh.
  4731 | D:4      | Reached skill level 1 in Fighting
  4915 | D:5      | Reached skill level 1 in Armour
  4915 | D:5      | Reached XP level 8. HP: 15/43 MP: 1/16
  5092 | D:5      | Found an ancient bone altar of Kikubaaqudgha.
  5201 | D:6      | Reached skill level 1 in Evocations
  6101 | D:6      | Reached skill level 1 in Shields
  6424 | D:6      | Found Uronkolu's Antique Armour Shoppe.
  6433 | D:6      | Bought a heavy robe for 148 gold pieces
  6443 | D:6      | Identified the +1 robe of Theory {rPois rF+ Str-3 Dex+2} (You bought it in a shop on level 6 of the Dungeon)
  6452 | D:6      | Reached skill level 7 in Earth Magic
  6452 | D:6      | Reached XP level 9. HP: 43/49 MP: 3/18
  6676 | D:6      | Found a radiant altar of Vehumet.
  6683 | D:6      | Became a worshipper of Vehumet
  6690 | D:6      | Found a stormy altar of Qazlal.
  6849 | D:6      | Noticed Menkaure
  6851 | D:6      | Found a blossoming altar of Fedhas.
  6855 | D:6      | Killed Menkaure
  7024 | D:6      | Reached skill level 5 in Conjurations
  7406 | D:7      | Slain by an orc warrior

Skill      XL: |  1  2  3  4  5  6  7  8  9 |
---------------+----------------------------+-----
Earth Magic    | 4 5 6 7 |  7.2
Spellcasting   | 3 4 5 6 |  6.7
Conjurations   | 1 2 3 4 5 |  5.1
Maces & Flails | 1 2 |  2.8
Fighting       | 1 2 |  2.9
Armour         | 1 |  1.6
Dodging        | 2 |  2.8
Evocations     | 1 2 |  2.1
Shields        | 1 2 |  2.2
Stealth        | |  2.1
Transmutations | |  0.7

Action                   |  1- 3 |  4- 6 |  7- 9 || total
-------------------------+-------+-------+-------++-------
Melee: Unarmed           |    11 |       |       ||    11
       Mace              |    33 |    27 |    70 ||   130
 Cast: Sandblast         |    79 |   117 |   176 ||   372
       Stone Arrow       |       |       |    47 ||    47
Evoke: Wand              |       |       |     5 ||     5
  Use: Scroll            |       |     5 |     5 ||    10
       Potion            |       |       |     4 ||     4
 Stab: Sleeping          |     2 |       |     6 ||     8
       Paralysed         |       |       |     6 ||     6
  Eat: Chunk             |     3 |     5 |    14 ||    22
Armor: Robe              |    31 |    39 |    83 ||   153
Dodge: Dodged            |    72 |    77 |   170 ||   319
